Map: Abyssal Reef LE

Players

Snute - Winner!

  • Race: Zerg Zerg
  • Spawn Location: 11:00

Botvinnik

  • Race: Terran Terran
  • Spawn Location: 5:00

Event: WCS Valencia 2017

VOD

Have the link to the VOD?

Description

Time

  • Played on: July 13, 2017, 9:47 a.m.
  • Length: 12:19

All games in this series

Show
View Real Time Build Order
Export as new Build Order

Snute Zerg - Winner!

Build Orders: Pool First 

Get SALT Encoding   

  12  0:00  Drone  
  13  0:12  Overlord  
  13  0:17  Drone  
  14  0:30  Drone x2  
  14  0:34  Drone  
  17  0:44  Spawning Pool  
  17  0:48  Drone  
  17  1:09  Hatchery  
  16  1:12  Drone  
  16  1:15  Drone  
  16  1:17  Extractor  
  17  1:20  Drone  
  18  1:30  Queen  
  20  1:33  Drone  
  21  1:40  Overlord  
  21  1:49  Zergling x2  
  22  2:02  Drone  
  22  2:06  Queen  
  25  2:11  Drone  
  26  2:20  Queen  
  26  2:21  Drone  
  26  2:22  Drone  
  30  2:31  Drone  
  30  2:34  Drone  
  32  2:37  Metabolic Boost, Drone  
  32  2:38  Drone x2  
  32  2:42  Overlord  
  35  2:44  Drone  
  36  2:53  Overlord  
  36  3:01  Drone  
  36  3:05  Hatchery  
  36  3:06  Drone  
  36  3:07  Drone  
  36  3:10  Drone  
  36  3:12  Drone  
  40  3:17  Drone x3  
  43  3:25  Drone x3  
  46  3:28  Drone  
  46  3:32  Overlord  
  47  3:37  Queen x2  
  47  3:39  Drone  
  51  3:44  Evolution Chamber  
  46  3:48  Zergling x4  
  46  3:53  Drone x2  
  48  3:56  Drone  
  48  3:59  Drone x3  
  48  4:01  Drone  
  54  4:07  Drone  
  55  4:12  Queen  
  55  4:13  Queen  
  55  4:15  Overlord  
  59  4:17  Drone  
  59  4:19  Drone  
  59  4:20  Drone  
  62  4:26  Overlord  
  62  4:34  Spore Crawler  
  62  4:35  Spore Crawler  
  62  4:36  Spore Crawler  
  62  4:38  Drone x5  
  63  4:42  Evolution Chamber x2  
  63  4:44  Drone  
  63  4:46  Drone  
  63  4:47  Drone  
  63  4:48  Drone  
  63  4:51  Drone x2  
  63  4:52  Drone  
  68  4:54  Drone  
  68  4:56  Drone x2  
  68  4:59  Overlord  
  71  5:02  Overlord  
  71  5:03  Drone  
  71  5:06  Extractor  
  71  5:10  Zerg Ground Armor Level 1, Zerg Missile Weapons Level 1  
  71  5:13  Overlord  
  71  5:19  Drone x3  
  71  5:20  Roach Warren, Drone  
  74  5:24  Drone  
  74  5:25  Drone x3  
  74  5:26  Drone  
  78  5:30  Drone  
  78  5:31  Drone x2  
  78  5:34  Drone  
  82  5:37  Overlord  
  82  5:39  Overlord  
  82  5:41  Lair  
  82  5:43  Extractor  
  82  5:44  Extractor  
  82  5:45  Extractor x2  
  82  5:47  Drone x4  
  82  5:52  Hatchery  
  82  5:54  Drone  
  82  5:56  Drone x3  
  82  5:57  Drone  
  86  6:01  Overlord  
  86  6:05  Roach x4  
  94  6:16  Overlord  
  94  6:17  Roach x2  
  98  6:18  Overlord x2  
  98  6:21  Roach x2  
  98  6:22  Roach x2  
  106  6:32  Ravager  
  105  6:34  Roach x4  
  105  6:38  Glial Reconstitution  
  113  6:44  Infestation Pit  
  113  6:47  Drone x6  
  113  6:48  Extractor, Drone  
  113  6:51  Queen  
  113  6:52  Extractor, Queen  
  121  6:55  Roach x4  
  121  6:58  Overlord  
  121  7:00  Overlord  
  129  7:05  Zerg Ground Armor Level 2  
  129  7:10  Overlord  
  128  7:26  Zerg Missile Weapons Level 2  
  128  7:28  Hive  
  128  7:31  Spire  
  128  7:34  Roach x4  
  133  7:47  Ravager x2  
  133  7:48  Queen x3, Overlord  
  133  7:49  Roach  
  133  7:50  Roach x4  
  151  7:51  Overlord  
  151  8:08  Roach x8  
  151  8:11  Infestor x2  
  171  8:21  Overlord x3  
  171  8:24  Queen  
  169  8:33  Hatchery  
  154  8:39  Roach x3  
  154  8:40  Roach x6  
  160  8:45  Greater Spire  
  160  8:47  Infestor  
  160  8:49  Burrow  
  158  9:05  Roach x6  
  166  9:12  Ravager  
  166  9:16  Corruptor x5  
  171  9:22  Drone  
  178  9:27  Spore Crawler, Overlord  
  178  9:28  Zerg Ground Armor Level 3  
  177  9:43  Roach  
  177  9:44  Roach x7  
  191  10:03  Brood Lord x3  
  191  10:06  Brood Lord  
  197  10:11  Brood Lord  
  160  10:22  Roach x9  
  160  10:29  Roach x5  
  159  10:36  Roach x6  
  169  10:44  Ravager  
  170  10:56  Roach x5  
  170  10:57  Roach x3  
  177  11:07  Roach x7  
  177  11:10  Pneumatized Carapace  
  185  11:11  Overseer  
  185  11:22  Extractor  
  185  11:23  Extractor  
  185  11:25  Overseer  
  183  11:28  Spore Crawler  
  182  11:34  Roach x4  
  190  11:42  Ravager  
  191  11:47  Hatchery  
Show
View Real Time Build Order
Export as new Build Order

Botvinnik Terran 

Build Orders: Hellion Opening, Reaper Expand, MMM Bio 

Get SALT Encoding   

  12  0:00  SCV  
  13  0:12  SCV  
  14  0:17  Supply Depot  
  14  0:25  SCV  
  15  0:31  Refinery  
  15  0:38  SCV  
  16  0:45  Barracks  
  16  0:50  SCV  
  17  1:03  SCV  
  18  1:16  SCV  
  19  1:32  Orbital Command  
  19  1:33  Reaper  
  20  1:44  Command Center  
  20  1:53  Factory  
  20  1:58  SCV  
  21  2:07  Supply Depot  
  21  2:08  Barracks Reactor  
  21  2:11  SCV  
  22  2:17  Refinery  
  22  2:25  SCV  
  23  2:37  SCV  
  24  2:44  Starport  
  24  2:49  SCV  
  24  2:50  Hellion x2  
  29  2:52  Barracks Tech Lab  
  29  2:57  Orbital Command  
  29  3:01  SCV  
  30  3:11  Hellion x2  
  34  3:21  SCV  
  34  3:25  SCV  
  36  3:29  Viking  
  38  3:40  Hellion x2  
  42  3:47  SCV x2  
  43  3:53  Barracks Tech Lab  
  39  3:58  Supply Depot  
  39  3:59  SCV x2  
  39  4:00  Supply Depot  
  39  4:01  Raven  
  43  4:11  SCV x2  
  43  4:13  Stimpack  
  45  4:20  Factory Reactor  
  45  4:25  SCV  
  45  4:26  Command Center  
  45  4:27  SCV  
  47  4:35  Supply Depot  
  47  4:41  Barracks  
  47  4:42  Barracks  
  47  4:45  SCV x2  
  49  4:56  Marine  
  49  4:57  SCV x2  
  52  5:04  Starport Reactor  
  52  5:05  Engineering Bay  
  52  5:06  Engineering Bay, Factory Reactor  
  52  5:10  SCV, Refinery  
  52  5:11  SCV  
  52  5:12  Refinery  
  54  5:14  Marine  
  55  5:23  SCV x2  
  57  5:35  SCV x2  
  59  5:36  Terran Infantry Armor Level 1, Terran Infantry Weapons Level 1  
  59  5:37  Marine x2  
  59  5:38  Marine  
  62  5:44  Orbital Command, Barracks  
  62  5:45  Barracks  
  62  5:48  Marine x2  
  64  5:51  SCV  
  64  5:52  SCV  
  64  5:53  Widow Mine  
  64  5:54  Widow Mine  
  70  5:59  Marine x3  
  70  6:02  Medivac  
  75  6:05  Medivac  
  77  6:13  SCV x2  
  77  6:17  Orbital Command  
  79  6:23  Marine x5  
  84  6:27  SCV  
  84  6:29  Bunker, Supply Depot x2  
  85  6:37  Barracks Reactor x2  
  85  6:42  Supply Depot  
  85  6:43  Supply Depot  
  85  6:46  Combat Shields  
  85  6:50  Widow Mine x2  
  85  6:51  Marine x5, SCV  
  85  6:53  SCV x2  
  97  7:00  Armory, Supply Depot  
  97  7:08  Marine x3  
  97  7:09  Marine x2  
  97  7:10  SCV x3  
  97  7:15  Marine x4  
  108  7:21  Barracks  
  108  7:22  SCV x2, Barracks  
  110  7:23  SCV  
  112  7:30  Marine x3  
  112  7:32  Marine  
  112  7:35  SCV  
  112  7:36  Marine x4  
  122  7:44  Barracks  
  122  7:45  Supply Depot  
  122  7:46  Supply Depot  
  122  7:47  Terran Infantry Weapons Level 2  
  122  7:48  Marine x2  
  122  7:49  Terran Infantry Armor Level 2  
  123  7:54  Marine x2  
  125  7:58  Supply Depot  
  125  8:05  Marine, Medivac x2  
  124  8:06  Marine  
  124  8:07  Marauder  
  124  8:11  Marauder  
  124  8:17  Marine x4  
  124  8:18  Marine, Barracks Tech Lab  
  124  8:19  Marine  
  126  8:23  Marine  
  124  8:28  Marauder  
  124  8:32  Marauder  
  112  8:35  Marine x4  
  112  8:36  Marine  
  112  8:37  Marauder, Marine x2  
  104  8:41  Marine  
  104  8:47  Barracks Tech Lab  
  99  8:50  Marauder  
  99  8:53  Marine x4  
  99  8:54  Marauder  
  99  8:55  Marine x3  
  107  8:58  Marine  
  107  8:59  Marine  
  111  9:06  Marauder  
  113  9:11  Marauder, Marine x4  
  113  9:13  Marine x3  
  113  9:15  Marauder  
  113  9:16  Medivac x2  
  130  9:17  Marauder, Marine, Widow Mine  
  130  9:19  Widow Mine  
  135  9:27  Marauder  
  135  9:28  Marine, Barracks  
  135  9:29  Marine x3  
  141  9:32  Marauder  
  141  9:34  Marine  
  141  9:37  Marauder  
  141  9:38  Marauder  
  148  9:39  Command Center  
  148  9:46  Marine  
  148  9:50  Supply Depot  
  148  9:51  Marine x2, Medivac x2  
  148  9:52  Marauder, Supply Depot  
  157  9:58  Marine  
  157  10:08  Command Center  
  157  10:11  Marine x2  
  157  10:12  Marauder x2, Marine x4  
  164  10:14  Marauder x2  
  155  10:22  Marine x2  
  155  10:24  Barracks Tech Lab  
  133  10:29  Marine x3  
  133  10:34  Marauder x2  
  133  10:35  Marine x3  
  124  10:36  Marauder x2  
  124  10:39  Marine  
  124  10:40  Marine  
  120  10:46  Marauder, Marine x2  
  120  10:47  Marine  
  117  10:53  Marine  
  117  10:55  Marauder x2  
  117  10:56  Marine x2  
  125  10:57  Marauder x2, Marine  
  107  11:05  Marine  
  107  11:06  Marine x2  
  107  11:07  Marauder, Marine  
  107  11:09  Medivac x2  
  107  11:11  Marine  
  102  11:14  Marine x2  
  102  11:16  Marauder x2  
  102  11:17  Marine  
  114  11:18  Marauder x2  
  114  11:23  Marine  
  114  11:26  Marine x3  
  114  11:28  Marauder  
  114  11:29  Marine  
  114  11:32  Marine x2  
  122  11:35  Marine  
  122  11:37  Marine  
  122  11:39  Medivac x2  
  127  11:43  Marine x4  
  129  11:50  Marauder  
  122  11:56  Marauder, Marine x4  
  122  11:57  Marine x3  
  122  12:00  Marine  
Tags
 
Add a new tag
Caveats
  • Supply blocks, unpowered buildings, or Contaminate may cause inaccurate times.
  • Supply counts are checked every 10 seconds.